 Seeded DCSS version 0.30-a0-718-geaa24f58ff (webtiles) character file.

Game seed: 5531119078372197611 (custom seed)

1071 purpskrrrp the Shooter (level 8, 0/63 HPs)
             Began as a Formicid Hunter on Jan 25, 2023.
             Was an Initiate of Fedhas.
             Succumbed to a killer bee's poison
             ... on level 5 of the Dungeon.
             The game lasted 00:08:19 (3707 turns).

purpskrrrp the Shooter (Formicid Hunter)            Turns: 3707, Time: 00:08:20

Health: 0/63       AC: 17    Str: 16    XL:     8   Next: 53%
Magic:  8/8        EV:  4    Int: 12    God:    Fedhas [......]
Gold:   155        SH:  3    Dex: 16    Spells: 7/7 levels left

rFire   . . .      SeeInvis +    a - +2 shortbow
rCold   . . .      Faith    .    d - +0 buckler
rNeg    . . .      Spirit   .    f - +1 plate armour
rPois   .          Reflect  .    (helmet unavailable)
rElec   +          Harm     .    (no cloak)
rCorr   .          Rampage  .    p - +0 pair of gloves
Will    .....      Clarity  +    u - +0 pair of boots Stlth
                                 t - amulet "Eniklysest" {Acrobat rElec}
HPRegen 0.30/turn                s - +4 ring of protection
MPRegen 0.11/turn                (no ring)

@: lethally poisoned (0 -> -3), flying
A: permanent stasis, dig shafts and tunnels, antennae 3, four strong arms,
clarity, clever 1, clumsy 1, inability to read after injury 1
a: Dig, Shaft Self, Renounce Religion


You were on level 5 of the Dungeon.
You worshipped Fedhas.
Fedhas was noncommittal.
You visited 2 branches of the dungeon, and saw 6 of its levels.

You collected 260 gold pieces.
You spent 105 gold pieces at shops.

Inventory:

Hand Weapons
 a - a +2 shortbow (weapon)
Armour
 c - a +0 leather armour
 d - a +0 buckler (worn)
 f - a +1 plate armour (worn)
 p - a +0 pair of gloves (worn)
 u - a +0 pair of boots (worn)
Jewellery
 s - a +4 ring of protection (left hand)
 t - the amulet "Eniklysest" (around neck) {Acrobat rElec}
   (You found it on level 3 of the Dungeon)

   [amulet of the acrobat]

   It increases your evasion while moving and waiting.
   rElec:     It insulates you from electricity.
Wands
 l - a wand of polymorph (6)
 q - a wand of paralysis (7)
Scrolls
 e - 2 scrolls of teleportation
 r - 2 scrolls of magic mapping
 v - 2 scrolls of identify
Potions
 b - a potion of lignification {unknown}
 h - a potion of might {unknown}
 i - a potion of invisibility {unknown}
 j - a potion of mutation
 k - a potion of flight
 m - 2 potions of cancellation {unknown}
 n - a potion of heal wounds {unknown}
 o - a potion of haste {unknown}


   Skills:
 + Level 5.5 Fighting
 * Level 7.8 Ranged Weapons
 - Level 1.7 Dodging
 + Level 6.2 Stealth


You had 7 spell levels left.
You didn't know any spells.
Your spell library contained the following spells:

 Spells                   Type           Power      Damage    Failure   Level
 Cigotuvi's Dreadful Rot  Necr/Pois/Air  0%         N/A       100%        2
 Poisonous Vapours        Pois/Air       0%         N/A       100%        2
 Scorch                   Fire           0%         2d5       100%        2
 Mephitic Cloud           Conj/Pois/Air  0%         N/A       100%        3
 Flame Wave               Conj/Fire      0%         2d4       100%        4
 Summon Cactus Giant      Summ           0%         N/A       100%        6


Dungeon Overview and Level Annotations

Branches:
Dungeon (5/15)             Temple (1/1) D:4

Altars:
Ashenzari
Dithmenos
Fedhas
Kikubaaqudgha
Makhleb
Nemelex Xobeh
Okawaru
Qazlal
Ru
Uskayaw
Yredelemnul
Zin
The Shining One

Shops:
D:1 ?

Annotations:
D:5 Dowan, Duvessa


Innate Abilities, Weirdness & Mutations

You cannot be hasted, slowed, berserked, paralysed or teleported.
You can dig through walls and to a lower floor.
You have a pair of large antennae on your head. (SInv)
Your four strong arms can wield two-handed weapons with a shield.
You possess an exceptional clarity of mind.
Your mind is acute. (Int +4, Str/Dex -1)
You are clumsy. (Dex -2)
You occasionally lose the ability to read scrolls when taking damage.


Message History

You are too injured to fight recklessly!
You are too injured to fight recklessly!
You are too injured to fight recklessly!
You are too injured to fight recklessly!
You are too injured to fight recklessly!
Fire: a) +2 shortbow
Press: ? - help, Shift-Dir - straight line, f/p - killer bee
Aim: a killer bee (almost dead, 44% to hit)
You shoot an arrow. The arrow hits the killer bee!
You kill the killer bee!
Fedhas appreciates your contribution to the ecosystem.
You feel very sick. You block the killer bee's attack.
The killer bee stings you but does no damage. x2
Fire: a) +2 shortbow
Press: ? - help, Shift-Dir - straight line, f - killer bee
Aim: a killer bee (lightly wounded, 44% to hit)
You shoot an arrow. The arrow hits the killer bee!
The killer bee is heavily wounded.
You feel very sick. The killer bee barely misses you.
You block the killer bee's attack. The killer bee stings you.
* * * LOW HITPOINT WARNING * * *
You block the killer bee's attack.
Fire: a) +2 shortbow
Press: ? - help, Shift-Dir - straight line, f/p - killer bee
Aim: a killer bee (heavily wounded, 44% to hit)
You shoot an arrow. The arrow hits the killer bee.
The killer bee is severely wounded.
You feel sick. The killer bee stings you.
* * * LOW HITPOINT WARNING * * *
The killer bee stings you.
* * * LOW HITPOINT WARNING * * *
The killer bee stings you.
* * * LOW HITPOINT WARNING * * *
It was a potion of flight.
You feel very buoyant.
You fly up into the air.
You die...
Fedhas appreciates your contribution to the ecosystem.

##......#..#.................
#............................
................####.........
................####....####.
###.....................#
#.........##..).#.......# {
###...##.###..####......# { #
##..#######..###....#.#
###....####.#..y@.....#
..#......#.....###.###.. #
......<.........##.# #
...................# ..
.................... #..
.รท.................. #...
............<....... ....
#.##..............<.. ....
#.......#...........


You could see a killer bee.

Vanquished Creatures
  Sigmund (D:2)
  A water moccasin (D:5)
  2 phantoms (D:4)
  A necrophage (D:5)
  A scorpion (D:5)
  4 killer bees (D:5)
  2 jellies (D:4)
  3 hounds
  Natasha (thrice) (D:2)
  An iguana (D:4)
  5 adders
  A white imp (D:5)
  2 worms (D:3)
  2 dart slugs
  2 ball pythons
  8 bats
  2 endoplasms
  2 giant cockroaches
  A goblin (D:3)
  6 hobgoblins
  2 jackals (D:3)
  A quokka (D:1)
  4 frilled lizards
  4 kobolds
  3 rats (D:3)
64 creatures vanquished.

Notes
Turn   | Place    | Note
-------+----------+-------------------------------------------
     0 | D:1      | purpskrrrp the Formicid Hunter began the quest for the Orb.
     0 | D:1      | Reached XP level 1. HP: 16/16 MP: 1/1
   266 | D:1      | Reached XP level 2. HP: 23/23 MP: 2/2
   344 | D:1      | Found Uclack's Magic Scroll Shoppe.
   570 | D:2      | Noticed Natasha
   576 | D:2      | Killed Natasha
   577 | D:2      | Reached XP level 3. HP: 20/28 MP: 3/3
   745 | D:2      | Noticed Sigmund
   749 | D:2      | Killed Sigmund
   750 | D:2      | Reached skill level 5 in Ranged Weapons
   750 | D:2      | Reached XP level 4. HP: 37/37 MP: 4/4
   750 | D:2      | Reached XP level 5. HP: 42/42 MP: 5/5
   750 | D:2      | Reached XP level 6. HP: 48/48 MP: 6/6
   926 | D:2      | Noticed Natasha
   936 | D:2      | Killed Natasha
   951 | D:2      | Noticed Natasha
  1015 | D:2      | Killed Natasha
  1372 | D:1      | Bought a scroll of enchant weapon for 105 gold pieces
  1651 | D:3      | Identified the amulet "Eniklysest" {Acrobat rElec}
  1654 | D:3      | Reached skill level 6 in Ranged Weapons
  1683 | D:3      | Found a faded altar of an unknown god.
  2146 | D:4      | Reached XP level 7. HP: 50/54 MP: 7/7
  2161 | D:4      | Found a staircase to the Ecumenical Temple.
  2298 | Temple   | Entered the Ecumenical Temple
  2426 | Temple   | Became a worshipper of Fedhas Madash
  2560 | D:4      | Found a sparkling altar of Nemelex Xobeh.
  2669 | D:4      | Found a basalt altar of Yredelemnul.
  2741 | D:4      | Found a stormy altar of Qazlal.
  3064 | D:4      | Reached skill level 5 in Stealth
  3234 | D:5      | Entered Level 5 of the Dungeon
  3234 | D:5      | Noticed Dowan
  3235 | D:5      | Noticed Duvessa
  3409 | D:5      | Noticed a water moccasin
  3435 | D:5      | Gained mutation: Your mind is acute. (Int +4, Str/Dex -1)
                  | [potion of mutation]
  3435 | D:5      | Gained mutation: You have hidden genetic defects. [potion
                  | of mutation]
  3435 | D:5      | Gained mutation: You possess an exceptional clarity of
                  | mind. [potion of mutation]
  3439 | D:5      | Reached skill level 7 in Ranged Weapons
  3445 | D:5      | Reached XP level 8. HP: 17/61 MP: 8/8
  3446 | D:5      | Reached skill level 5 in Fighting
  3446 | D:5      | Gained mutation: You are clumsy. (Dex -2) [hidden defects]
  3483 | D:5      | Gained mutation: You occasionally lose the ability to read
                  | scrolls when taking damage. [hidden defects]
  3483 | D:5      | Lost mutation: You have hidden genetic defects. [hidden
                  | defects expressed]
  3706 | D:5      | HP: 1/63 [killer bee (6)]
  3707 | D:5      | Succumbed to a killer bee's poison

Illustrated notes

Levels and vault maps discovered:
D:1:      minmay_arrival_doors, layout_loops_cross, serial_shops, shop
D:2:      layout_rooms, grunt_decor_one_mirror, chequers_avenue, dk_vineyard_1,
          uniq_natasha, uniq_sigmund
D:3:      minmay_angry_zag, layout_rooms, basic_ecumenical_altar
D:4:      layout_basic, mainiacjoe_overflow_cross_hatched,
          mainiacjoe_overflow_chevrons, lemuel_tele_altar,
          minmay_temple_entry_stoned_glass, serial_co_window_serial,
          co_window_paths_a, co_window_corner_a, co_window_corner_a,
          co_window_cross_1, co_window_corner_a, co_window_of_opportunity_b,
          co_window_cross_2, co_window_broadway_b, co_window_corner_cb,
          co_window_broadway_b, glass_columns_a
D:5:      layout_cave_pools, mainiacjoe_overflow_catwalk_spiral,
          roderic_batcave, uniq_duvessa
Temple:   hellmonk_temple_beads

Skill      XL: |  1  2  3  4  5  6  7  8 |
---------------+-------------------------+-----
Stealth        | 2 3 4 5 6 |  6.2
Fighting       | 3 4 5 |  5.5
Ranged Weapons | 5 6 7 |  7.8
Dodging        | |  1.7

Action                     |  1- 3 |  4- 6 |  7- 9 || total
---------------------------+-------+-------+-------++-------
  Melee: Unarmed           |       |    18 |       ||    18
   Fire: Shortbow          |    34 |    94 |   103 ||   231
Ability: Dig               |     1 |       |       ||     1
    Use: Scroll            |     3 |    10 |     1 ||    14
         Potion            |       |       |     5 ||     5
 Armour: Plate armour      |     1 |    57 |   218 ||   276
  Dodge: Dodged            |     2 |    33 |    79 ||   114
  Block: Buckler           |     1 |    16 |    46 ||    63

Table legend: (Time is in decaauts)
 A = Elapsed time spent in this place.
 B = Non-inter-level travel time spent in this place.
 C = Inter-level travel time spent in this place.
 D = Time resting spent in this place.
 E = Time spent auto-exploring this place.
 F = Levels seen in this place.
 G = Mean time per level.
                   A        B        C        D        E       F      G
               +--------+--------+--------+--------+--------+-----+--------+
         Total |   3888 |   3650 |    238 |    394 |   2500 |   6 |  648.0 |
       Dungeon |   3716 |   3553 |    163 |    394 |   2416 |   5 |  743.2 |
        Temple |    171 |     96 |     75 |      0 |     84 |   1 |  171.0 |
               +--------+--------+--------+--------+--------+-----+--------+

Top non-repeatable levels by time:
     D:4: 1131 daAuts
     D:2: 875 daAuts
     D:3: 735 daAuts
     D:1: 586 daAuts
     D:5: 387 daAuts
  Temple: 171 daAuts
